 Dungeon Sprint DCSS version 0.21-a0-400-g417d9d2 (webtiles) character file.

1705 Amnesiac the Covert (level 8, -4/52 HPs)
             Began as a Demonspawn Earth Elementalist on Oct 20, 2017.
             Was a Believer of Dithmenos.
             Slain by a centaur warrior (6 damage)
             ... in the Dungeon (Sprint I: "Red Sonja").
             The game lasted 00:03:27 (499 turns).

Amnesiac the Covert (Demonspawn Earth Elementalist)  Turns: 499, Time: 00:03:28

Health: -4/52      AC:  2    Str:  8    XL:     8   Next: 73%
Magic:  6/14       EV: 18    Int: 18    God:    Dithmenos [**....]
Gold:   578        SH:  0    Dex: 22    Spells: 8/15 levels left

rFire    . . .     SeeInvis +   a - +0 dagger
rCold    . . .     Gourm    .   (no shield)
rNeg     . . .     Faith    .   c - +0 robe
rPois    .         Spirit   .   (helmet unavailable)
rElec    .         Reflect  .   (no cloak)
rCorr    .         Harm     .   (no gloves)
MR       .....     NoTele   +   (no boots)
Stlth    +++++++++.             (no amulet)
HPRegen  0.17/turn              (no ring)
MPRegen  0.14/turn              (no ring)

@: agile, wreathed by umbra
A: antennae 3, thin skeletal structure 1, powered by pain 1
a: Shadow Step, Renounce Religion


You were in the Dungeon.
You worshipped Dithmenos.
Dithmenos was pleased with you.
You were not hungry.

You visited 1 branch You collected 578 gold pieces.

Inventory:

Hand Weapons
 a - a +0 dagger (weapon)
 m - a +0 blowgun
Missiles
 b - 26 stones (quivered)
 l - 8 curare-tipped needles
Armour
 c - a +0 robe (worn)
Scrolls
 j - 2 scrolls of blinking {!r}
Potions
 e - a potion of curing {!q}
 g - a potion of haste {!q}
 h - 2 potions of magic {!q}
Books
 k - a book of Geomancy

   Spells                             Type                      Level
   a - Sandblast                      Earth                        1
   b - Passwall                       Transmutation/Earth          2
   c - Stone Arrow                    Conjuration/Earth            3
   d - Petrify                        Transmutation/Earth          4
   e - Lee's Rapid Deconstruction     Earth                        5
Comestibles
 d - a bread ration
 i - a meat ration


   Skills:
 - Level 10.0 Short Blades
 - Level 1.7 Dodging
 - Level 14.0 Stealth
 + Level 4.0 Spellcasting
 + Level 3.4 Transmutations
 * Level 5.6 Earth Magic


You had 8 spell levels left.
You knew the following spells:

 Your Spells              Type           Power        Failure   Level  Hunger
a - Sandblast             Erth           ###...       1%          1    None
b - Passwall              Tmut/Erth      ###.......   3%          2    ##.....
e - Petrify               Tmut/Erth      ###.....     22%         4    ####...


Dungeon Overview and Level Annotations

Branches:
Dungeon (1/1)

Altars:
Cheibriados
Dithmenos
Elyvilon
Fedhas
Gozag
Hepliaklqana
Kikubaaqudgha
Makhleb
Nemelex Xobeh
Okawaru
Qazlal
Ru
Sif Muna
Trog
Uskayaw
Vehumet
Wu Jian
Xom
Yredelemnul
Zin
The Shining One
Jiyva
Lugonu

Shops:
D ?![


Innate Abilities, Weirdness & Mutations

You have a pair of large antennae on your head. (SInv)
You have a somewhat thin skeletal structure. (Dex +2, Stealth)
You sometimes gain a little power by taking damage.


Message History

Which direction?
You begin to meditate on the wall.
You continue meditating on the rock. x3
You finish merging with the rock.
Splash!
You fall into the shallow water.
Moving in this stuff is going to be slow.
Found 5 gold pieces and a potion of heal wounds. 2 centaur warriors come into view.
The centaur warrior shouts! x2
The centaur warrior closely misses you.
The centaur warrior barely misses you. x2
Okay, then.
Casting: Passwall
Confirm with . or Enter, or press ? or * to list all spells.
Aiming: Petrify
Press: ? - help, Shift-Dir - straight line, f - centaur warrior
Aim: a centaur warrior (umbra, chance to defeat MR: 32%)
The centaur warrior easily resists.
The centaur warrior hits you!
You focus on the pain.
You feel your power returning. The centaur warrior hits you.
The centaur warrior hits you!
Okay, then.
Okay, then.
Casting: Petrify
Confirm with . or Enter, or press ? or * to list all spells.
Aiming: Petrify
Press: ? - help, Shift-Dir - straight line, f/p - centaur warrior
Aim: a centaur warrior (umbra, chance to defeat MR: 32%)
The centaur warrior easily resists.
The centaur warrior hits you!
* * * LOW HITPOINT WARNING * * *
The centaur warrior closely misses you. The centaur warrior hits you!
* * * LOW HITPOINT WARNING * * *
Unknown command.
Really quaff
f - a potion of heal wounds {!q}?
You feel much better. The centaur warrior misses you.
The centaur warrior hits you!
* * * LOW HITPOINT WARNING * * *
The centaur warrior barely misses you. The centaur warrior hits you.
* * * LOW HITPOINT WARNING * * *
The centaur warrior wields a longbow.
The centaur warrior shoots an arrow.
The arrow closely misses you. The centaur warrior hits you.
* * * LOW HITPOINT WARNING * * *
You see here an arrow.
Casting: Petrify
Confirm with . or Enter, or press ? or * to list all spells.
Which direction?
This rock feels extremely deep.
The centaur warrior barely misses you.
Unknown command.
Unknown command.
Casting: Passwall
Confirm with . or Enter, or press ? or * to list all spells.
Aiming: Sandblast
Press: ? - help, Shift-Dir - straight line, f/p - centaur warrior
Aim: a centaur warrior, wielding a longbow (purple smoke, umbra)
The blast of sand hits the centaur warrior.
The centaur warrior is lightly wounded.
b - 26 stones The centaur warrior hits you but does no damage.
The centaur warrior unwields an uncursed longbow.
The centaur warrior hits you!
* * * LOW HITPOINT WARNING * * *
You focus on the pain.
You feel agile all of a sudden. The centaur warrior hits you.
You die...

################
#..)..#.)'..#__# {
'[.#..+..#..'..+ {
#####'#####'#__####{
####..#...#)####§!#
{{
#__####..##.#≈§§§§#
#_____##'#_.+≈§§c§+ {
#_.∩..†+..._#≈§§@c#
#_..__##_.#'##+#### {
#_____###+#.# ###{
#########.####+###.##
.......'...+.....'[∩#
++++####.).##########
{ ##.## { { #+# {{ {
{ { {


You could see 2 centaur warriors.

Vanquished Creatures
  Sonja (D)
  A deep troll (D)
  A slime creature (D)
  Sigmund (D)
  A yak (D)
  An ogre (D)
  A jelly (D)
  Ijyb (D)
8 creatures vanquished.

Notes
Turn   | Place    | Note
-------+----------+-------------------------------------------
     0 | D        | Amnesiac the Demonspawn Earth Elementalist began the quest for the Orb.
     0 | D        | Reached XP level 1. HP: 13/13 MP: 3/3
     1 | D        | Noticed Ijyb
    14 | D        | Killed Ijyb
    14 | D        | Reached skill level 6 in Stealth
    14 | D        | Gained mutation: You have a pair of small antennae on your head. [demonic ancestry]
    14 | D        | Reached XP level 2. HP: 19/19 MP: 5/5
    80 | D        | Noticed an ogre
    83 | D        | Killed an ogre
    83 | D        | Gained mutation: You have a pair of antennae on your head. [demonic ancestry]
    83 | D        | Reached XP level 3. HP: 24/24 MP: 2/6
    83 | D        | Reached XP level 4. HP: 30/30 MP: 2/7
   155 | D        | Learned a level 2 spell: Passwall
   160 | D        | Learned a level 4 spell: Petrify
   164 | D        | Found a stormy altar of Qazlal.
   164 | D        | Found a blossoming altar of Fedhas.
   164 | D        | Found a bloodstained altar of Trog.
   164 | D        | Found an iron altar of Okawaru.
   164 | D        | Found a glowing golden altar of the Shining One.
   164 | D        | Found Mugriuce's Distillery.
   164 | D        | Found a glowing silver altar of Zin.
   164 | D        | Found an ancient bone altar of Kikubaaqudgha.
   164 | D        | Found a white marble altar of Elyvilon.
   164 | D        | Found a hazy altar of Hepliaklqana.
   164 | D        | Found a hide-covered altar of Uskayaw.
   164 | D        | Found a basalt altar of Yredelemnul.
   164 | D        | Found a sparkling altar of Nemelex Xobeh.
   164 | D        | Found an opulent altar of Gozag.
   164 | D        | Found a snail-covered altar of Cheibriados.
   164 | D        | Found a sacrificial altar of Ru.
   164 | D        | Found a shadowy altar of Dithmenos.
   164 | D        | Noticed a yak
   164 | D        | Killed a yak
   164 | D        | Reached skill level 10 in Short Blades
   164 | D        | Gained mutation: You have a somewhat thin skeletal structure. (Dex +2, Stealth) [demonic ancestry]
   164 | D        | Reached XP level 5. HP: 35/35 MP: 5/8
   164 | D        | Gained mutation: You have a pair of large antennae on your head. (SInv) [demonic ancestry]
   164 | D        | Reached XP level 6. HP: 41/41 MP: 5/9
   169 | D        | Became a worshipper of Dithmenos the Shadowed
   238 | D        | Noticed Sigmund
   238 | D        | Killed Sigmund
   238 | D        | Reached skill level 9 in Stealth
   286 | D        | Found a viscous altar of Jiyva.
   286 | D        | Found a corrupted altar of Lugonu.
   286 | D        | Found a burning altar of Makhleb.
   286 | D        | Found a shimmering altar of Xom.
   286 | D        | Noticed a slime creature
   286 | D        | Killed a slime creature
   286 | D        | Reached * piety under Dithmenos
   286 | D        | Reached skill level 11 in Stealth
   286 | D        | Gained mutation: You sometimes gain a little power by taking damage. [demonic ancestry]
   286 | D        | Reached XP level 7. HP: 46/46 MP: 6/10
   316 | D        | Found an ornate altar of the Wu Jian Council.
   316 | D        | Found a deep blue altar of Sif Muna.
   318 | D        | Found a radiant altar of Vehumet.
   352 | D        | Noticed Sonja
   352 | D        | Killed Sonja
   352 | D        | Reached skill level 14 in Stealth
   352 | D        | Reached XP level 8. HP: 52/52 MP: 8/11
   396 | D        | Found Setim's Magic Scroll Boutique.
   425 | D        | Noticed a deep troll
   425 | D        | Killed a deep troll
   425 | D        | Reached ** piety under Dithmenos
   425 | D        | Reached skill level 5 in Earth Magic
   435 | D        | Found Noconosh's Armour Emporium.
   493 | D        | Noticed a centaur warrior
   493 | D        | Noticed a centaur warrior
   499 | D        | HP: 2/52 [centaur warrior (12)]
   499 | D        | Slain by a centaur warrior

Vault maps used:
D:        dungeon_sprint_1

Skill      XL: |  1  2  3  4  5  6  7  8 |
---------------+-------------------------+-----
Stealth        | 6 11 14 | 14.0
Short Blades   | 6 10 | 10.0
Spellcasting   | 4 |  4.0
Transmutations | 3 |  3.4
Earth Magic    | 5 |  5.6
Dodging        | |  1.7

Action                   |  1- 3 |  4- 6 |  7- 9 || total
-------------------------+-------+-------+-------++-------
Melee: Unarmed           |    11 |       |       ||    11
       Dagger            |       |     3 |     3 ||     6
 Cast: Sandblast         |     2 |     1 |     1 ||     4
       Passwall          |       |     6 |     9 ||    15
       Petrify           |       |       |     2 ||     2
  Use: Potion            |     1 |       |     1 ||     2
 Stab: Sleeping          |       |     3 |     3 ||     6
Armor: Robe              |     2 |       |     1 ||     3
Dodge: Dodged            |     4 |       |     8 ||    12

Table legend:
 A = Spawn XP
 B = Non-spawn XP
 C = Spawn XP percentage of total XP
 D = Spawn monster count
 E = Non-spawn monster count
 F = Spawn count percentage of total count
 G = Total turns spent on level
                    A         B        C        D         E        F      G
               +---------+---------+-------+---------+---------+-------+---------
         Total |       0 |    2437 |   0.0 |       0 |       8 |   0.0 |   499
               +---------+---------+-------+---------+---------+-------+---------
             D |       0 |    2437 |   0.0 |       0 |       8 |   0.0 |   499
               +---------+---------+-------+---------+---------+-------+---------
